 Dungeon Crawl Stone Soup version 0.26-a0-36-g11e0b32562 (webtiles) character file.

Game seed: 5770500958604319659, levelgen mode: deterministic

38 RaHiT the Charlatan (level 3, -8/15 HPs)
             Began as a Felid Artificer on May 30, 2020.
             Killed by divine providence
             ... invoked by an orc priest
              (13 damage)
             ... on level 3 of the Dungeon.
             The game lasted 00:07:24 (1948 turns).

RaHiT the Charlatan (Felid Artificer)               Turns: 1948, Time: 00:07:25

Health: -8/15      AC:  1    Str:  8    XL:     3   Next: 25%
Magic:  6/6        EV: 18    Int: 13    God:
Gold:   111        SH:  0    Dex: 16    Spells: 2/2 levels left
                                        Lives:  0   Deaths: 0

rFire    + . .     SeeInvis +     - Unarmed
rCold    . . .     Gourm    .   (shield unavailable)
rNeg     . . .     Faith    .   (armour unavailable)
rPois    .         Spirit   .   (helmet unavailable)
rElec    .         Reflect  .   (cloak unavailable)
rCorr    .         Harm     .   (gloves unavailable)
MR       .....                  (boots unavailable)
Stlth    +++.......             (no amulet)
HPRegen  0.05/turn              g - ring of protection from fire
MPRegen  0.10/turn              (no ring)

@: quick
A: very small, no armour, no weapons or thrown items, stealth, claws 1, fangs 3,
see invisible, carnivore, speed 1, shaggy fur 1, slow metabolism 1, sharp paws
a: no special abilities


You were on level 3 of the Dungeon.
You were completely stuffed.

You visited 1 branch of the dungeon, and saw 3 of its levels.

You collected 111 gold pieces.

Inventory:

Jewellery
 g - a ring of protection from fire (left paw)
 k - an uncursed ring of resist corrosion {unknown}
Wands
 a - a wand of flame (15)
 b - a wand of enslavement (15)
 c - a wand of random effects (15)
Scrolls
 e - 2 scrolls of identify {unknown}
 i - 2 scrolls of teleportation {unknown}
 j - a scroll of amnesia {unknown}
 m - 5 scrolls of remove curse {unknown}
 p - a scroll of immolation {unknown}
 q - a scroll of fog {unknown}
Potions
 f - a potion of resistance {unknown}
 h - a potion of invisibility {unknown}
 l - a potion of brilliance {unknown}
 n - a potion of heal wounds {unknown}
 o - 3 potions of might {unknown}
 r - a potion of stabbing {unknown}
 s - a potion of curing {unknown}
Comestibles
 d - 3 rations


   Skills:
 + Level 1.6 Fighting
 + Level 3.2 Dodging
 + Level 2.3 Stealth
 + Level 1.6 Unarmed Combat
 + Level 3.6 Evocations


You had 2 spell levels left.
You didn't know any spells.
Your spell library was empty.

Dungeon Overview and Level Annotations

Branches:
Dungeon (3/15)

Altars:
Yredelemnul


Innate Abilities, Weirdness & Mutations

You cannot wear armour.
You are incapable of wielding weapons or throwing items.
Your paws allow you to move quietly. (Stealth)
You have sharp claws.
You have razor-sharp teeth.
You have supernaturally acute eyesight. (SInv)
You are carnivorous and can eat meat at any time.
You cover ground quickly.
You are covered in fur. (AC +1)
You have a slow metabolism.
Your sharp claws are effective at attacking unaware monsters.


Message History

The orc is moderately wounded.
An orc priest comes into view. It is wielding a +0 falchion.
The orc hits you with a +0 flail.
You closely miss the orc.
The orc is moderately wounded.
The orc barely misses you.
An orc comes into view. It is wielding a +0 short sword.
An orc priest comes into view.
A gnoll comes into view. It is wielding a +0 spear.
The gnoll shouts!
You hear a shout!
The orc priest shouts!
Okay, then.
Unknown command.
The orc priest calls down the wrath of Beogh upon you.
Pain shoots through your body! The orc priest closely misses you.
The orc priest mumbles some strange prayers to Beogh against you.
Beogh smites you!
Ouch! That really hurt!
You die...

#.# ## ##.# ...######
##..#
........####.#.##
#..g......oo###.# #
######.####.#.## .#
#g#####..# #.#
#.o...o..######.#
#####
######.@.......###....
. #..#######.#..####.
#..# #.......... #..#
#....#.#... #..#
#.##....... #..#
#.##.#.#... #..#
#.##....... #..#
#.###...... #..# #.#
#......


You could see 2 orc priests and a gnoll.

Vanquished Creatures
  An ooze (D:2)
  A dart slug (D:2)
  5 giant cockroaches
  4 goblins
  5 jackals
  A ball python (D:1)
  6 bats
  A frilled lizard (D:1)
  5 kobolds
  4 rats
33 creatures vanquished.

Notes
Turn   | Place    | Note
-------+----------+-------------------------------------------
     0 | D:1      | RaHiT the Felid Artificer began the quest for the Orb.
     0 | D:1      | Reached XP level 1. HP: 9/9 MP: 4/4
   458 | D:1      | Reached XP level 2. HP: 12/12 MP: 5/5
   881 | D:2      | Found a basalt altar of Yredelemnul.
  1486 | D:2      | Reached XP level 3. HP: 8/15 MP: 6/6
  1948 | D:3      | Killed from afar by an orc priest

Illustrated notes

Levels and vault maps discovered:
D:1:      dpeg_arrival_line_fractal, layout_loops_ring
D:2:      layout_rooms, yredelemnul_altar_generic
D:3:      layout_loops_ring, kennysheep_slug_shrine,
          chequers_ecumenical_altar_simple, minmay_misc_feat_pillars,
          minmay_misc_feat_nine_boxes, glass_columns_a

Skill      XL: |  1  2 |
---------------+-------+-----
Dodging        | 3 |  3.2
Stealth        | 2 |  2.3
Fighting       | |  1.6
Unarmed Combat | |  1.6
Evocations     | |  3.6

Action                   || total
-------------------------++-------
Melee: Unarmed           ||   106
       Bite              ||     6
 Stab: Sleeping          ||     4
  Eat: Chunk             ||     9
Armor: Skin              ||    10
Dodge: Dodged            ||   112

Table legend:
 A = Non-vault XP
 B = Vault XP
 C = Vault XP percentage of total XP
 D = Non-vault monster count
 E = Vault monster count
 F = Vault count percentage of total count
                 A         B        C        D         E       F
            +---------+---------+-------+---------+---------+-------
      Total |      55 |       0 |   0.0 |      33 |       0 |   0.0
            +---------+---------+-------+---------+---------+-------
        D:1 |      24 |       0 |   0.0 |      17 |       0 |   0.0
        D:2 |      29 |       0 |   0.0 |      15 |       0 |   0.0
        D:3 |       2 |       0 |   0.0 |       1 |       0 |   0.0
            +---------+---------+-------+---------+---------+-------
